AoeStats
← CNZS_98T

Arabia

509856862Analyzed
4v4 RM · 3d ago on Sep 28, 2026· 23m 45s· 8 players
Game mode
Random Map
Map size
Large (8 player)
Population
200
Speed
Normal
Resources
Standard
Victory
Conquest
Starting age
Dark Age
Ending age
Imperial Age
RankedLock teamsTeams togetherTeam positionsShared explorationLock speedFull tech treeHidden civsTurbo modeCheats
Victory
Defeat
🇨🇳 Maya · China
2066
+1
🇳🇱 Varangians · Netherlands
1988
+1
🇨🇳 Varangians · China
1832
+2
🇲🇴 Shu · Macao SAR China
1435
+14
🇬🇧 Slavs · United Kingdom
1486
-5
🇹🇼 Maya · Taiwan
1470
-5
🇯🇵 Varangians · Japan
1461
-4
🇫🇮 Poles · Finland
1420
-4
milesburkley
4:55 Loom
9:14 Feudal Age
10:10 Double-Bit Axe
10:11 Horse Collar
12:49 Scale Barding Armor
15:12 Forging
16:55 Bloodlines
24:12 Castle Age
店小贰
8:24 Feudal Age
7:34 Loom
9:01 Double-Bit Axe
9:32 Horse Collar
15:55 Bloodlines
17:43 Forging
18:46 Wheelbarrow
22:45 Castle Age
21:30 Scale Barding Armor
21:34 Gold Mining
23:30 Husbandry
23:51 Chain Barding Armor
24:07 Iron Casting
engarvi
7:21 Loom
9:49 Feudal Age
10:18 Double-Bit Axe
11:06 Horse Collar
17:17 Bloodlines
20:02 Scale Barding Armor
21:07 Wheelbarrow
20:47 Forging
yclin124
0:26 Loom
10:04 Feudal Age
10:47 Double-Bit Axe
12:40 Fletching
15:38 Padded Archer Armor
温蒂
8:47 Feudal Age
7:31 Loom
9:22 Double-Bit Axe
9:55 Horse Collar
14:12 Bloodlines
15:52 Forging
16:49 Scale Barding Armor
19:00 Wheelbarrow
21:28 Castle Age
20:17 Gold Mining
21:46 Light Cavalry
22:27 Husbandry
22:49 Chain Barding Armor
屁屁人
7:06 Loom
9:06 Feudal Age
11:26 Double-Bit Axe
13:42 Fletching
17:00 Padded Archer Armor
17:48 Horse Collar
22:02 Gold Mining
26:02 Castle Age
CNZS_98T
6:09 Loom
8:54 Feudal Age
9:29 Double-Bit Axe
9:48 Horse Collar
14:27 Bloodlines
16:09 Scale Barding Armor
16:51 Forging
17:54 Wheelbarrow
21:15 Castle Age
19:39 Gold Mining
22:17 Bow Saw
22:08 Heavy Plow
22:34 Chain Barding Armor
22:17 Husbandry
CNZS_Dadaya
0:26 Loom
8:43 Feudal Age
9:25 Double-Bit Axe
12:01 Fletching
15:32 Padded Archer Armor
21:37 Castle Age
20:16 Gold Mining
20:06 Horse Collar
22:17 Bodkin Arrow
21:46 Crossbowman
23:36 Bow Saw
24:28 Ballistics
Connection lost

Rejoining the realm…

Still unreachable

The connection could not be restored.

Session expired

The server has moved on; the page needs a fresh start.